 Dungeon Sprint DCSS version 0.28.0-53-g5a82cb258f (webtiles) character file.

Game seed: 7141902636107222657

7200000 Zeld the Intangible (level 27, -34/228 HPs)
             Began as a Djinni Monk on June 5, 2022.
             Was the Champion of Makhleb.
             Annihilated by a sculptor of flesh
             ... wielding a +9 great sword
              (262 damage)
             ... in the Dungeon (Sprint VIII: "Arena of Blood").
             The game lasted 00:02:07 (72 turns).

Zeld the Intangible (Djinni Monk)                     Turns: 72, Time: 00:02:08

Health: -34/228    AC:  4    Str: 20    XL:     27
Gold:   0          EV: 31    Int: 13    God:    Makhleb [******] SH:  0 Dex: 19

rFire   + + .      SeeInvis .   g - +∞ Axe of Woe
rCold   x . .      Faith    .   (shield currently unavailable)
rNeg    . . .      Spirit   .   a - +0 robe
rPois   ∞          Reflect  .   (no helmet)
rElec   .          Harm     .   (no cloak)
rCorr   .          Rampage  .   (no gloves)
Will    ++...      NoTele   +   (boots unavailable)
Stlth   ++++++++++              (no amulet)
HPRegen 0.48/turn               (no ring)
MPRegen 0.00/turn               (no ring)

@: flying, slowed, very slow
A: sickness immunity, fire resistance 2, cold vulnerability 1, float, innate
caster, HP casting, extra vitality 1
a: Renounce Religion, Minor Destruction, Lesser Servant of Makhleb, Major
Destruction, Greater Servant of Makhleb


You were in the Dungeon.
You worshipped Makhleb.
Makhleb was exalted by your worship.
You visited 1 branch

Inventory:

Hand Weapons
 g - the +∞ Axe of Woe (weapon)
   (You found it in the Dungeon)
Armour
 a - a +0 robe (worn)
Scrolls
 f - a scroll of blinking
Potions
 b - a potion of curing
 c - a potion of heal wounds
 d - a potion of haste
 e - a potion of berserk rage


   Skills:
 O Level 27 Fighting
 O Level 27 Short Blades
 O Level 27 Long Blades
 O Level 27 Axes
 O Level 27 Maces & Flails
 O Level 27 Polearms
 O Level 27 Staves
 O Level 27 Slings
 O Level 27 Bows
 O Level 27 Crossbows
 O Level 27 Throwing
 O Level 27 Armour
 O Level 27 Dodging
 O Level 27 Stealth
 O Level 27 Shields
 O Level 27 Unarmed Combat
 O Level 27 Spellcasting
 O Level 27 Invocations
 O Level 27 Evocations


You had 8 spell levels left.
You knew the following spells:

 Your Spells              Type           Power      Damage    Failure   Level
a - Sting                 Tmut/Pois      100%       1d8       0%          1
b - Passwall              Tmut/Erth      60%        N/A       0%          2
c - Confusing Touch       Hex            73%        N/A       0%          3
d - Iskenderun's Mystic   Conj/Tloc      73%        2d15      0%          4
e - Alistair's Intoxicat  Tmut/Pois      48%        N/A       0%          5
f - Lightning Bolt        Conj/Air       36%        1d54      0%          5
g - Iron Shot             Conj/Erth      36%        9d7       0%          6
h - Eringya's Noxious Bo  Tmut/Pois      36%        N/A       0%          6
i - Orb of Destruction    Conj           36%        9d11      1%          7
j - Borgnjor's Revivific  Necr           36%        N/A       1%          8
k - Monstrous Menagerie   Summ           36%        N/A       1%          7
l - Shatter               Erth           36%        3d29*     3%          9
m - Fire Storm            Conj/Fire      36%        8d9       3%          9
Your spell library was empty.

Dungeon Overview and Level Annotations

Branches:
Dungeon (1/1)

Altars:
Makhleb

Annotations:
D The Servant


Innate Abilities, Weirdness & Mutations

You are immune to sickness and miasma.
You are immune to poison.
Your flesh is very heat resistant. (rF++)
You are vulnerable to cold. (rC-)
You float through the air rather than walking.
You learn spells naturally, not from books.
Your magical power is your life essence.
You have superior vitality. (+4 MHP)


Message History

The Servant comes into view.
He is wielding a +9 glaive of flaming.
You hear a shout! x2
Unknown command.
Unknown command.
Unknown command.
You hit the destroyer. You chop the destroyer into pieces.
You destroy the destroyer!
Makhleb accepts your kill.
You slash the bag of meat!
You cleave the bag of meat in twain.
You kill the bag of meat!
Makhleb accepts your kill.
You slice the bag of meat!!
You cleave the bag of meat in twain.
You kill the bag of meat!
Makhleb accepts your kill.
You hear a shout! x6
A meat beast comes into view.
The bag of meat is engulfed in blazing flames.
You hear a shout! x3
Unknown command.
Unknown command.
The meat beast barks!
You slice the bag of meat!!
You hew the bag of meat savagely.
You kill the bag of meat!
Makhleb accepts your kill.
You slash the bag of meat!
You fatally mangle the bag of meat.
You kill the bag of meat!
Makhleb accepts your kill.
You slice the tyrant!! You chop the tyrant into pieces.
You destroy the tyrant!
Makhleb accepts your kill.
The large abomination disappears in a puff of smoke! x2
You slash the bag of meat!
You cleave the bag of meat in twain.
You kill the bag of meat!
Makhleb accepts your kill.
You hear a shout! x13
A destroyer comes into view. It is wielding a +9 vorpal great sword.
You hear a shout! x2
The sculptor of flesh hits you with a +9 great sword!!!!!
Ouch! That really hurt!
You die...

...............
...#........#..
................
#............#..
#...............
....V...........
..#...○)........
..2.o.o@z.o.....
V.....)°o.......
.....o#)))....#.
.......)))....#
....###o))....###.
.......@..#.......
.#...°..)._.......
......#.....#....
..O...#_.<._.o. .


You could see a meat beast (fast), The Servant, 2 destroyers, a sculptor of
flesh and 6 bags of meat.

Vanquished Creatures
  2 hell beasts (D)
  2 royal mummies (D)
  A wraith (D)
  9 vampire knights (D)
  28 ogres (D)
  5 two-headed ogres (D)
  4 liches (D)
  A hydra (D)
  77 orcs (D)
  6 skeletal warriors (D)
135 creatures vanquished.

Vanquished Creatures (others)
  6 fire vortices (D)
6 creatures vanquished.

Grand Total: 141 creatures vanquished

Notes
Turn   | Place    | Note
-------+----------+-------------------------------------------
     0 | D        | Found the +∞ Axe of Woe
     0 | D        | Zeld the Djinni Monk began the quest for the Orb.
     0 | D        | Reached XP level 1. HP: 20/20 MP: 0/0
     2 | D        | Noticed a bag of meat
     3 | D        | Noticed a bag of meat
     4 | D        | Became a worshipper of Makhleb the Destroyer
     4 | D        | Reached * piety under Makhleb
     4 | D        | Reached ** piety under Makhleb
     6 | D        | Noticed a bag of meat
     7 | D        | Killed a bag of meat
     7 | D        | Noticed a bag of meat
     8 | D        | Reached XP level 2. HP: 40/40 MP: 0/0
     8 | D        | Reached XP level 3. HP: 45/45 MP: 0/0
     8 | D        | Learned a level 1 spell: Sting
     8 | D        | Reached XP level 4. HP: 51/51 MP: 0/0
     8 | D        | Reached XP level 5. HP: 57/57 MP: 0/0
     8 | D        | Learned a level 2 spell: Passwall
     8 | D        | Reached XP level 6. HP: 63/63 MP: 0/0
     8 | D        | Reached XP level 7. HP: 68/68 MP: 0/0
     8 | D        | Learned a level 3 spell: Confusing Touch
     8 | D        | Reached XP level 8. HP: 75/75 MP: 0/0
     8 | D        | Reached XP level 9. HP: 80/80 MP: 0/0
     8 | D        | Learned a level 4 spell: Iskenderun's Mystic Blast
     8 | D        | Reached XP level 10. HP: 86/86 MP: 0/0
     8 | D        | Reached XP level 11. HP: 92/92 MP: 0/0
     8 | D        | Learned a level 5 spell: Alistair's Intoxication
     8 | D        | Noticed a bag of meat
     8 | D        | Noticed a bag of meat
     8 | D        | Noticed a meat berserker
     8 | D        | Noticed a bag of meat
    10 | D        | Noticed a bag of meat
    10 | D        | Noticed a bag of meat
    10 | D        | Noticed a bag of meat
    11 | D        | Noticed a meat berserker
    11 | D        | Noticed a bag of meat
    11 | D        | Noticed a bag of meat
    11 | D        | Noticed a meat berserker
    11 | D        | Noticed a bag of meat
    12 | D        | Noticed a meat berserker
    12 | D        | Noticed a bag of meat
    12 | D        | Noticed a bag of meat
    13 | D        | Noticed a meat berserker
    13 | D        | Noticed a meat berserker
    13 | D        | Noticed a meat berserker
    13 | D        | Noticed a meat berserker
    13 | D        | Noticed a bag of meat
    14 | D        | Killed a meat berserker
    14 | D        | Killed a bag of meat
    14 | D        | Noticed a meat berserker
    14 | D        | Noticed a bag of meat
    15 | D        | Reached skill level 15 in Invocations
    15 | D        | Reached XP level 12. HP: 23/106 MP: 0/0
    15 | D        | Reached XP level 13. HP: 25/112 MP: 0/0
    15 | D        | Learned a level 5 spell: Lightning Bolt
    15 | D        | Killed a meat berserker
    15 | D        | Reached *** piety under Makhleb
    15 | D        | Killed a bag of meat
    15 | D        | Killed a bag of meat
    15 | D        | Killed a meat berserker
    15 | D        | Reached **** piety under Makhleb
    15 | D        | Noticed a bag of meat
    15 | D        | Noticed a bag of meat
    15 | D        | Noticed a bag of meat
    15 | D        | Noticed a bag of meat
    16 | D        | Reached XP level 14. HP: 74/126 MP: 0/0
    16 | D        | Reached XP level 15. HP: 77/131 MP: 0/0
    16 | D        | Learned a level 6 spell: Iron Shot
    16 | D        | Noticed a meat berserker
    16 | D        | Killed a meat berserker
    16 | D        | Reached ***** piety under Makhleb
    17 | D        | Reached XP level 16. HP: 143/143 MP: 0/0
    17 | D        | Killed a meat berserker
    17 | D        | Killed a meat berserker
    17 | D        | Killed a meat berserker
    17 | D        | Noticed a destroyer
    17 | D        | Noticed a meat berserker
    17 | D        | Noticed a large bag of meat
    18 | D        | Reached XP level 17. HP: 134/156 MP: 0/0
    18 | D        | Learned a level 6 spell: Eringya's Noxious Bog
    18 | D        | Reached XP level 18. HP: 140/163 MP: 0/0
    18 | D        | Reached ****** piety under Makhleb
    18 | D        | Killed a meat berserker
    19 | D        | Reached skill level 27 in Dodging
    19 | D        | Killed a meat berserker
    19 | D        | Killed a meat berserker
    19 | D        | Noticed a meat berserker
    20 | D        | Reached skill level 27 in Fighting
    20 | D        | Reached skill level 27 in Axes
    20 | D        | Reached skill level 27 in Invocations
    20 | D        | Reached XP level 19. HP: 174/174 MP: 0/0
    20 | D        | Learned a level 7 spell: Orb of Destruction
    20 | D        | Noticed a large bag of meat
    20 | D        | Noticed a large bag of meat
    21 | D        | Noticed a large bag of meat
    21 | D        | Noticed a meat berserker
    22 | D        | Reached XP level 20. HP: 181/181 MP: 0/0
    22 | D        | Noticed a destroyer
    22 | D        | Killed a meat berserker
    23 | D        | Reached skill level 27 in Spellcasting
    23 | D        | Killed a meat berserker
    23 | D        | Killed a destroyer
    24 | D        | Reached XP level 21. HP: 187/187 MP: 0/0
    24 | D        | Learned a level 8 spell: Borgnjor's Revivification
    24 | D        | Noticed a meat berserker
    25 | D        | Noticed a destroyer
    25 | D        | Noticed a meat berserker
    26 | D        | Reached skill level 10 in Short Blades
    26 | D        | Reached skill level 10 in Long Blades
    26 | D        | Reached skill level 10 in Staves
    28 | D        | Killed a meat berserker
    28 | D        | Killed a destroyer
    28 | D        | Killed a large bag of meat
    29 | D        | Reached XP level 22. HP: 181/194 MP: 0/0
    29 | D        | Killed a large bag of meat
    30 | D        | Killed a large bag of meat
    30 | D        | Killed a destroyer
    31 | D        | Reached skill level 15 in Staves
    31 | D        | Reached XP level 23. HP: 184/201 MP: 0/0
    31 | D        | Learned a level 7 spell: Monstrous Menagerie
    31 | D        | Killed a large bag of meat
    32 | D        | Reached skill level 15 in Maces & Flails
    32 | D        | Reached skill level 15 in Polearms
    33 | D        | Reached skill level 15 in Slings
    33 | D        | Reached skill level 15 in Bows
    33 | D        | Reached skill level 15 in Crossbows
    33 | D        | Reached skill level 15 in Throwing
    34 | D        | Reached XP level 24. HP: 206/208 MP: 0/0
    37 | D        | Noticed a destroyer
    41 | D        | Reached XP level 25. HP: 105/214 MP: 0/0
    41 | D        | Learned a level 9 spell: Shatter
    42 | D        | Noticed a destroyer
    43 | D        | Noticed a tyrant
    44 | D        | Noticed a tyrant
    47 | D        | Killed a destroyer
    47 | D        | Noticed a destroyer
    48 | D        | Reached XP level 26. HP: 221/221 MP: 0/0
    48 | D        | Noticed a destroyer
    48 | D        | Noticed a tyrant
    49 | D        | Killed a tyrant
    49 | D        | Killed a destroyer
    50 | D        | Noticed a large bag of meat
    51 | D        | Killed a destroyer
    52 | D        | Reached XP level 27. HP: 228/228 MP: 0/0
    52 | D        | Learned a level 9 spell: Fire Storm
    52 | D        | Noticed an accursed
    53 | D        | Noticed an accursed
    56 | D        | Killed a destroyer
    57 | D        | Killed a tyrant
    58 | D        | Reached skill level 27 in Armour
    58 | D        | Reached skill level 27 in Shields
    58 | D        | Reached skill level 27 in Evocations
    59 | D        | Killed an accursed
    60 | D        | Reached skill level 27 in Short Blades
    60 | D        | Reached skill level 27 in Long Blades
    60 | D        | Killed a tyrant
    60 | D        | Noticed a meat beast
    61 | D        | Reached skill level 27 in Staves
    61 | D        | Killed a large bag of meat
    61 | D        | Noticed a dread
    62 | D        | Reached skill level 27 in Maces & Flails
    62 | D        | Reached skill level 27 in Polearms
    62 | D        | Noticed a destroyer
    64 | D        | Killed an accursed
    65 | D        | Reached skill level 27 in Slings
    65 | D        | Reached skill level 27 in Bows
    65 | D        | Reached skill level 27 in Crossbows
    65 | D        | Reached skill level 27 in Throwing
    65 | D        | Reached skill level 15 in Stealth
    65 | D        | Killed a meat beast
    65 | D        | Noticed a tyrant
    66 | D        | Reached skill level 27 in Unarmed Combat
    66 | D        | Noticed a destroyer
    66 | D        | Noticed a meat beast
    67 | D        | Killed a dread
    68 | D        | Reached skill level 27 in Stealth
    69 | D        | Noticed a destroyer
    69 | D        | Killed a destroyer
    70 | D        | Killed a meat beast
    70 | D        | Noticed The Servant
    71 | D        | Killed a destroyer
    71 | D        | Noticed a meat beast
    72 | D        | Killed a tyrant
    72 | D        | Noticed a destroyer
    72 | D        | Annihilated by a sculptor of flesh

Illustrated notes

Levels and vault maps discovered:
D:        meatsprint

Skill      XL: |  1  2  3  4  5  6  7  8  9 10 11 12 13 14 15 16 17 18 19 20 21 22 23 24 25 26 27 |
---------------+----------------------------------------------------------------------------------+-----
Fighting       | 13 17 20 22 25 27 | 27.0
Axes           | 9 12 16 19 24 27 | 27.0
Dodging        | 14 18 22 24 26 27 | 27.0
Spellcasting   | 8 11 14 16 18 21 26 27 | 27.0
Invocations    | 11 15 18 21 23 27 | 27.0
Short Blades   | 9 13 16 17 19 22 24 27 | 27.0
Long Blades    | 9 13 16 17 19 22 24 27 | 27.0
Maces & Flails | 8 12 14 16 18 20 22 27 | 27.0
Polearms       | 8 12 14 16 18 20 22 27 | 27.0
Staves         | 8 12 15 17 18 21 22 27 | 27.0
Slings         | 7 11 14 15 17 19 21 27 | 27.0
Bows           | 7 11 14 15 17 19 21 27 | 27.0
Crossbows      | 7 11 14 15 17 19 21 27 | 27.0
Throwing       | 7 11 14 15 17 19 21 27 | 27.0
Armour         | 9 13 16 18 20 22 24 27 | 27.0
Shields        | 9 13 16 18 20 22 24 27 | 27.0
Evocations     | 9 13 16 18 20 22 24 27 | 27.0
Stealth        | 27 | 27.0
Unarmed Combat | 27 | 27.0

Action                   |  1- 3 |  4- 6 |  7- 9 | 10-12 | 13-15 | 16-18 | 19-21 | 22-24 | 25-27 || total
-------------------------+-------+-------+-------+-------+-------+-------+-------+-------+-------++-------
Melee: Executioner's axe |     1 |       |       |     1 |     2 |     3 |     7 |    10 |    26 ||    50
 Cast: Iskenderun's Myst |       |       |       |     1 |       |       |       |       |       ||     1
       Shatter           |       |       |       |       |       |       |       |       |     1 ||     1
       Fire Storm        |       |       |       |       |       |       |       |       |     1 ||     1
Dodge: Dodged            |       |       |       |     1 |     1 |       |       |       |     2 ||     4
